 Dungeon Crawl Stone Soup version 0.23.0 (webtiles) character file.

Game seed: 7807959418449730207

9274 Monsterracer the Grappler (level 11, -5/94 HPs)
             Began as a Ghoul Fighter on Feb 17, 2019.
             Was an Elder of Makhleb.
             Slain by a komodo dragon (11 damage)
             ... on level 1 of the Lair of Beasts.
             The game lasted 00:17:43 (10479 turns).

Monsterracer the Grappler (Ghoul Fighter)          Turns: 10479, Time: 00:17:44

Health: -5/94      AC: 12    Str: 29    XL:     11   Next: 43%
Magic:  15/15      EV:  9    Int:  6    God:    Makhleb [****..]
Gold:   637        SH: 11    Dex:  7    Spells: 9/10 levels left

rFire    + . .     SeeInvis .   a - +9 broad axe of Eked {drain, rC+ MR+ Str+7 Dex-3}
rCold    + + .     Gourm    .   b - +0 shield
rNeg     + + +     Faith    .   n - +1 ring mail of Uskayaw's Approval {rElec rCorr Int+3}
rPois    ∞         Spirit   .   k - +1 helmet
rElec    +         Reflect  .   m - +0 cloak
rCorr    +         Harm     .   (no gloves)
MR       +....                  q - +0 pair of boots
Stlth    ..........             (no amulet)
HPRegen  0.00/turn              F - ring of protection from fire
MPRegen  0.14/turn              (no ring)

@: marked, rotting
A: rotting body, claws 1, carnivore, cold resistance 1, negative energy
resistance 3, inhibited regeneration, torment resistance, unbreathing
a: Minor Destruction, Lesser Servant of Makhleb, Major Destruction, Renounce
Religion


You were on level 1 of the Lair of Beasts.
You worshipped Makhleb.
Makhleb was greatly pleased with you.
You were not hungry.

You visited 2 branches of the dungeon, and saw 10 of its levels.

You collected 637 gold pieces.

Inventory:

Hand Weapons
 a - the +9 broad axe of Eked (weapon) {drain, rC+ MR+ Str+7 Dex-3}
   (You took it off a crimson imp on level 9 of the Dungeon)

   A truly terrible weapon, it drains the life of those it strikes.
   It affects your strength (+7).
   It affects your dexterity (-3).
   It protects you from cold.
   It affects your resistance to hostile enchantments.
Armour
 b - a +0 shield (worn)
 k - a +1 helmet (worn)
 m - a +0 cloak (worn)
 n - the +1 ring mail of Uskayaw's Approval (worn) {rElec rCorr Int+3}
   (You found it on level 9 of the Dungeon)

   It affects your intelligence (+3).
   It insulates you from electricity.
   It provides partial protection from all sources of acid and corrosion.
 q - a +0 pair of boots (worn)
Jewellery
 F - a ring of protection from fire (left claw)
Wands
 i - a wand of digging (6)
 o - a wand of iceblast (4)
 u - a wand of enslavement (8)
Scrolls
 f - a scroll of identify
 h - a scroll of fog
 r - 6 scrolls of remove curse
 t - a scroll of teleportation {!r}
 X - a scroll of blinking
Potions
 d - a potion of heal wounds
 e - 4 potions of curing
 g - 3 potions of agility
 j - 4 potions of might
 l - a potion of invisibility
 p - a potion of ambrosia {!q}
Comestibles
 c - 19 rations
 s - 13 chunks of flesh


   Skills:
 - Level 7.9 Fighting
 + Level 4.8 Axes
 - Level 6.4 Armour
 - Level 1.7 Dodging
 - Level 6.5 Shields
 - Level 11.4 Unarmed Combat
 - Level 7.0 Invocations


You had 9 spell levels left.
You knew the following spells:

 Your Spells              Type           Power        Failure   Level  Hunger
z - Apportation           Tloc           #.....       91%         1    ##.....

Your spell library contained the following spells:

 Spells                   Type           Power        Failure   Level  Hunger
 Animate Skeleton         Necr           N/A          91%         1    ##.....
 Confusing Touch          Hex            #.....       91%         1    ##.....
 Corona                   Hex            #......      91%         1    ##.....
 Flame Tongue             Conj/Fire      #....        91%         1    ##.....
 Freeze                   Ice            #...         91%         1    ##.....
 Pain                     Necr           #...         91%         1    ##.....
 Sting                    Conj/Pois      #...         91%         1    ##.....
 Summon Small Mammal      Summ           #...         91%         1    ##.....
 Slow                     Hex            #.......     97%         2    ###....
 Throw Flame              Conj/Fire      #.....       97%         2    ###....
 Throw Frost              Conj/Ice       #.....       97%         2    ###....
 Conjure Flame            Conj/Fire      #.......     99%         3    ####...
 Inner Flame              Hex/Fire       #.......     99%         3    ####...
 Ozocubu's Armour         Chrm/Ice       #.......     99%         3    ####...
 Portal Projectile        Hex/Tloc       #.....       99%         3    ####...
 Regeneration             Chrm/Necr      #.........   99%         3    ####...
 Vampiric Draining        Necr           #.........   99%         3    ####...
 Animate Dead             Necr           N/A          100%        4    #####..
 Cause Fear               Hex            #.........   100%        4    #####..
 Leda's Liquefaction      Hex/Erth       #.........   100%        4    #####..
 Sticky Flame             Conj/Fire      #.......     100%        4    #####..
 Summon Ice Beast         Ice/Summ       #.......     100%        4    #####..
 Throw Icicle             Conj/Ice       #.......     100%        4    #####..
 Fireball                 Conj/Fire      #.........   100%        5    ######.


Dungeon Overview and Level Annotations

Branches:
Dungeon (9/15)             Temple (0/1) D:5            Lair (1/6) D:8
    Orc: D:9-12

Altars:
Cheibriados
Dithmenos
Fedhas
Hepliaklqana
Makhleb
Nemelex Xobeh
Okawaru
Sif Muna
Trog
Vehumet
Yredelemnul
The Shining One

Shops:
D:5 :


Innate Abilities, Weirdness & Mutations

Your body is rotting away.
You thrive on raw meat.
You are immune to poison.
You have sharp fingernails.
You are carnivorous and can eat meat at any time.
Your flesh is cold resistant. (rC+)
You are immune to negative energy. (rN+++)
You do not regenerate when monsters are visible.
You are immune to unholy pain and torment.
You can survive without breathing.


Message History

* * * LOW HITPOINT WARNING * * *
You take 5 damage, and have 44/94 hp.
Unknown command.
You slash the yak!
You kill the yak!
Makhleb accepts your kill.
You feel better.
You closely miss the yak. x2; You slash the yak! x2
You drain the yak.
A wolf comes into view.
You block the yak's attack. x2; The yak gores you!
* * * LOW HITPOINT WARNING * * *
The yak gores you but does no damage. The yak gores you.
* * * LOW HITPOINT WARNING * * *
The yak barely misses you.
You take 8 damage, and have 36/94 hp.
The wolf howls!
You slash the yak!
The yak is severely wounded.
You hit the yak. You slash the yak! You slice the yak!!
You kill the yak!
Makhleb accepts your kill.
Your Axes skill increases to level 4!
You block the yak's attack. The yak gores you.
* * * LOW HITPOINT WARNING * * *
The yak gores you but does no damage. x2
You take 1 damage, and have 35/94 hp.
You closely miss the yak.
The yak is almost dead.
You slash the yak! You hit the yak.
You kill the yak!
Makhleb accepts your kill. You block the wolf's attack.
The yak closely misses you. The yak gores you!
* * * LOW HITPOINT WARNING * * *
You take 9 damage, and have 26/94 hp.
Unknown command.
You slice the yak!!
You kill the yak!
Makhleb accepts your kill.
You feel better.
Your shield prevents you from hitting the wolf.
You hit the yak.
You kill the yak!
Makhleb accepts your kill.
You feel better. You block the wolf's attack. x2
The wolf bites you but does no damage.
You regained 20 hp, and now have 46/94 hp.
You hit the wolf. You drain the wolf.
The wolf is heavily wounded.
The wolf bites you!
* * * LOW HITPOINT WARNING * * *
You block the wolf's attack.
A komodo dragon comes into view.
You take 7 damage, and have 39/94 hp.
Unknown command.
You hit the wolf but do no damage. You drain the wolf.
The wolf is heavily wounded.
The wolf closely misses you. The wolf bites you but does no damage.
You block the wolf's attack.
You closely miss the wolf.
The wolf is heavily wounded.
You block the wolf's attack. The wolf barely misses you.
You slice the wolf!!
You kill the wolf!
Makhleb accepts your kill. The komodo dragon bites you.
* * * LOW HITPOINT WARNING * * *
You take 3 damage, and have 36/94 hp.
Unknown command.
A wolf comes into view.
The wolf howls!
The wolf pauses to sniff the ground.
The wolf sets off the alarm!
The alarm trap emits a blaring wail!
A sentinel's mark forms upon you.
You hear a loud, deep croak!
You hear an angry hiss.
You hear a croak.
Okay, then.
Okay, then.
A demon appears!
You hear a croak.
You hear an angry hiss.
The komodo dragon bites you!
* * * LOW HITPOINT WARNING * * *
You take 15 damage, and have 21/94 hp.
Unknown command.
Your hellwing swoops through the air toward the komodo dragon!
Your hellwing barely misses the komodo dragon.
Your hellwing hits the komodo dragon. You block the wolf's attack.
You block the wolf's attack. You block the wolf's attack.
The komodo dragon hisses menacingly.
The wolf bites you.
* * * LOW HITPOINT WARNING * * *
You take 6 damage, and have 15/94 hp.
Unknown command.
A demon appears!
Your hellwing disappears in a puff of smoke!
You block the wolf's attack. The wolf bites you.
* * * LOW HITPOINT WARNING * * *
The komodo dragon bites you!
You die...

.## #. ..#### #.## #..#.## ...#
......# #..# # .....## #.. ##
##..#.## #.## #######.
##..÷.######..###########.##.#..
###......#.§.l4.............#..
##.........h@................
#.......#..............#...#
#######.##.#.###############
########


You could see a komodo dragon, a wolf and a friendly hellwing.

Vanquished Creatures
  2 two-headed ogres
  2 black mambas (Lair:1)
  A spiny frog (Lair:1)
  A komodo dragon (D:8)
  Prince Ribbit (D:6)
  Grinder (D:3)
  2 hippogriffs (D:7)
  A spriggan (D:7)
  6 yaks (Lair:1)
  Eustachio (D:6)
  Edmund (D:4)
  2 water moccasins (Lair:1)
  A porcupine (Lair:1)
  5 ice beasts
  5 ogres
  2 phantoms
  3 centaurs
  2 wolves (Lair:1)
  3 crocodiles
  6 bullfrogs
  2 scorpions
  16 killer bees
  6 howler monkeys
  A jelly (D:7)
  5 crimson imps
  A centaur zombie (D:5)
  3 hounds
  A centaur skeleton (D:8)
  5 orc priests
  2 bullfrog skeletons
  5 iguanas
  10 orc wizards
  5 worker ants
  A howler monkey zombie (D:8)
  2 worker ant zombies
  4 gnolls (D:5)
  5 adders
  2 shadow imps
  2 oozes
  3 adder zombies
  4 worms
  A dart slug (D:3)
  2 leopard geckos
  32 orcs
  7 giant cockroaches
  5 hobgoblins
  4 jackals
  7 kobolds
  7 quokkas
  A ball python (D:1)
  13 bats
  4 frilled lizards
  A giant cockroach zombie (D:5)
  13 goblins
  2 leopard gecko skeletons (D:5)
  2 leopard gecko zombies
  6 rats
240 creatures vanquished.

Vanquished Creatures (collateral kills)
  An orc warrior (D:9)
  A scorpion (D:8)
  A howler monkey (D:8)
  An orc wizard (D:8)
  An orc priest (D:8)
  An iguana (D:9)
  An adder zombie (D:8)
  4 orcs
11 creatures vanquished.

Vanquished Creatures (others)
  A fungus (Lair:1)
  2 plants
3 creatures vanquished.

Grand Total: 254 creatures vanquished

Notes
Turn   | Place    | Note
-------+----------+-------------------------------------------
     0 | D:1      | Monsterracer the Ghoul Fighter began the quest for the Orb.
     0 | D:1      | Reached XP level 1. HP: 19/19 MP: 0/0
   414 | D:1      | Reached XP level 2. HP: 25/26 MP: 1/1
   417 | D:1      | Reached skill level 3 in Unarmed Combat
  1072 | D:2      | Reached XP level 3. HP: 27/31 MP: 2/2
  1187 | D:2      | Reached skill level 4 in Unarmed Combat
  1858 | D:3      | Reached XP level 4. HP: 24/38 MP: 3/3
  1877 | D:3      | Found a basalt altar of Yredelemnul.
  1935 | D:3      | Found a radiant altar of Vehumet.
  1936 | D:3      | Found a burning altar of Makhleb.
  1948 | D:3      | Reached skill level 5 in Unarmed Combat
  1951 | D:3      | Became a worshipper of Makhleb the Destroyer
  2061 | D:3      | HP: 18/38 [worm (9)]
  2137 | D:3      | Reached XP level 5. HP: 42/45 MP: 4/4
  2276 | D:3      | HP: 22/45 [bullfrog (6)]
  2277 | D:3      | Reached skill level 1 in Invocations
  2507 | D:3      | Reached * piety under Makhleb
  2614 | D:3      | Noticed Grinder
  2656 | D:3      | Killed Grinder
  2656 | D:3      | Reached skill level 6 in Unarmed Combat
  2656 | D:3      | Reached XP level 6. HP: 40/52 MP: 4/6
  3175 | D:4      | Reached XP level 7. HP: 58/59 MP: 7/7
  4241 | D:5      | Entered Level 5 of the Dungeon
  4261 | D:5      | Found a bloodstained altar of Trog.
  4315 | D:5      | Reached skill level 7 in Unarmed Combat
  4331 | D:5      | HP: 22/57 [ogre/+0 giant club (23)]
  4551 | D:5      | Noticed Edmund
  4583 | D:4      | Killed Edmund
  4583 | D:4      | Reached XP level 8. HP: 55/62 MP: 9/9
  4663 | D:5      | HP: 27/66 [ogre/+0 giant club (14)]
  4992 | D:4      | Reached skill level 5 in Fighting
  5179 | D:5      | Found a sparkling altar of Nemelex Xobeh.
  5252 | D:5      | Found Ociwij's Book Shoppe.
  5275 | D:5      | Found a staircase to the Ecumenical Temple.
  5639 | D:5      | Reached ** piety under Makhleb
  5824 | D:5      | Reached skill level 8 in Unarmed Combat
  5999 | D:6      | Found a shadowy altar of Dithmenos.
  6130 | D:6      | Found a blossoming altar of Fedhas.
  6170 | D:6      | Reached XP level 9. HP: 75/75 MP: 11/11
  6265 | D:6      | Noticed Prince Ribbit
  6279 | D:6      | Killed Prince Ribbit
  6455 | D:6      | Noticed Eustachio
  6502 | D:6      | Killed Eustachio
  6502 | D:6      | Reached skill level 9 in Unarmed Combat
  6581 | D:6      | Found a deep blue altar of Sif Muna.
  6915 | D:7      | Reached skill level 5 in Shields
  6962 | D:6      | Learned a level 1 spell: Apportation
  7235 | D:6      | Identified Sif Muna's Almanac of Toxins
  7391 | D:7      | Reached skill level 5 in Invocations
  7421 | D:7      | Reached skill level 5 in Armour
  7598 | D:7      | Found a snail-covered altar of Cheibriados.
  7802 | D:7      | Reached skill level 10 in Unarmed Combat
  7802 | D:7      | Reached XP level 10. HP: 84/84 MP: 13/13
  7844 | D:7      | Reached *** piety under Makhleb
  8792 | D:8      | Found a staircase to the Lair.
  8809 | D:8      | Noticed a two-headed ogre
  8833 | D:8      | Killed a two-headed ogre
  9398 | D:8      | Reached **** piety under Makhleb
  9412 | D:8      | Reached skill level 11 in Unarmed Combat
  9579 | D:9      | Got a faintly humming ring mail
  9590 | D:9      | Identified the +1 ring mail of Uskayaw's Approval {rElec
                  | rCorr Int+3} (You found it on level 9 of the Dungeon)
  9722 | D:9      | Found a hazy altar of Hepliaklqana.
  9724 | D:9      | Found a sparkling altar of Nemelex Xobeh.
  9724 | D:9      | Found an iron altar of Okawaru.
  9726 | D:9      | Found a glowing golden altar of the Shining One.
  9770 | D:9      | Noticed a two-headed ogre
  9777 | D:9      | Killed a two-headed ogre
  9777 | D:9      | Reached skill level 1 in Dodging
  9812 | D:9      | Reached XP level 11. HP: 63/94 MP: 15/15
 10051 | D:9      | Identified the +9 broad axe of Eked {drain, rC+ MR+ Str+7
                  | Dex-3}
 10060 | D:9      | Identified the ring of Fimis {*Tele rPois rN+ MP+9 Str-4}
 10061 | D:9      | Noticed a centaur warrior
 10061 | D:9      | Noticed a cyclops
 10061 | D:9      | Noticed a white ugly thing
 10062 | D:9      | Noticed a centaur warrior
 10146 | Lair:1   | Entered Level 1 of the Lair of Beasts
 10283 | Lair:1   | Reached skill level 1 in Axes
 10453 | Lair:1   | HP: 44/94 [yak (5)]
 10458 | Lair:1   | HP: 39/94 [wolf (7)]
 10469 | Lair:1   | HP: 21/94 [komodo dragon (11)]
 10478 | Lair:1   | HP: 15/94 [wolf (6)]
 10479 | Lair:1   | HP: 6/94 [wolf (5)]
 10479 | Lair:1   | Slain by a komodo dragon

Skill      XL: |  1  2  3  4  5  6  7  8  9 10 11 |
---------------+----------------------------------+-----
Unarmed Combat | 3 4 5 6 7 8 10 11 | 11.4
Invocations    | 2 3 4 5 6 7 |  7.0
Shields        | 3 4 5 6 |  6.5
Fighting       | 4 5 6 7 |  7.9
Armour         | 3 4 5 6 |  6.4
Dodging        | 1 |  1.7
Axes           | 4 |  4.8

Action                   |  1- 3 |  4- 6 |  7- 9 | 10-12 || total
-------------------------+-------+-------+-------+-------++-------
Melee: Unarmed           |   178 |   122 |   427 |   292 ||  1019
       Broad axe         |       |       |       |    39 ||    39
 Cast: Apportation       |       |       |     3 |       ||     3
Invok: Minor Destruction |       |       |    20 |     4 ||    24
       Lesser Servant of |       |       |       |     6 ||     6
  Use: Scroll            |       |    10 |     7 |     6 ||    23
 Stab: Distracted        |       |       |       |     1 ||     1
  Eat: Chunk             |    13 |    16 |    26 |    23 ||    78
       Ration            |       |       |     2 |       ||     2
Armor: Scale mail        |    82 |    26 |       |       ||   108
       Chain mail        |       |     7 |   200 |   100 ||   307
       Ring mail         |       |       |       |    30 ||    30
Dodge: Dodged            |    55 |    19 |    85 |    77 ||   236
Block: Shield            |    85 |    38 |   132 |   172 ||   427

Levels and vault maps discovered:
D:1:      tarquinn_simple_flora_water_f, layout_basic, nrook_mini_vaults
D:2:      layout_loops_ring, serial_bayou_pond_d, st_stairs_2,
          chequers_serial_rivers_micro_d
D:3:      kb_forest_paths, layout_basic,
          grunt_temple_overflow_lords_of_destruction, yredelemnul_altar_generic,
          uniq_grinder
D:4:      layout_gridville
D:5:      layout_loops_ring, nicolae_overflow_crystal_walls,
          minmay_temple_entry_glassed_door, first_ration, serial_shops,
          nicolae_shop_crystal, basic_altar,
          hangedman_abyss_or_decor_lesser_grid, uniq_edmund
D:6:      layout_loops_ring, led_sif_book, fedhas_altar_3,
          nicolae_dithmenos_shadow_blocks, uniq_eustachio, uniq_prince_ribbit1
D:7:      layout_basic, kennysheep_mini, the_bakery, minivault_24,
          kennysheep_small_square
D:8:      layout_cave_pods, david_lair_shrubbed
D:9:      minmay_the_grid_triangle_9x9_recursive_2
          [minmay_the_grid_triangle_9x9_prize_center,
          minmay_the_grid_triangle_9x9_steps,
          minmay_the_grid_triangle_9x9_skeleton,
          minmay_the_grid_triangle_9x9_minimal], layout_gridville,
          grunt_temple_overflow_order_and_chaos_1,
          chequers_temple_overflow_statue_of_worship
Lair:1:   layout_concentric_octagons, beast_lair_carwin_6
